 Dungeon Crawl Stone Soup version 0.31-a0-746-ge8284cb111 (webtiles) character file.

Game seed: 3220882291933225911

27 rengeveta the Shield-Bearer (level 3, 29/29 HPs)
             Began as a Human Fighter on Sept 14, 2023.
             Got out of the dungeon alive.
             The game lasted 00:03:42 (361 turns).

rengeveta the Shield-Bearer (Human Fighter)          Turns: 361, Time: 00:03:42

Health: 29/29      AC:  6    Str: 18    XL:     3   Next: 25%
Magic:  3/3        EV:  9    Int:  8    God:
Gold:   59         SH:  4    Dex: 12    Spells: 2/2 levels left

rFire   . . .        a - +0 long sword
rCold   . . .        c - +0 buckler
rNeg    . . .        b - +0 scale mail
rPois   .            (no helmet)
rElec   .            (no cloak)
rCorr   .            (no gloves)
SInv    .            (no boots)
Will    .....        (no amulet) Stlth
                     (no ring)
HPRegen 0.24/turn    (no ring)
MPRegen 0.08/turn

%: no passive effects
@: no status effects
A: no striking features
a: no special abilities


You escaped.
You visited 1 branch of the dungeon, and saw 1 of its levels.

You collected 59 gold pieces.

Inventory:

Hand Weapons
 a - a +0 long sword (weapon)
Armour
 b - a +0 scale mail (worn)
 c - a +0 buckler (worn)
Jewellery
 e - a ring of protection from cold
Potions
 d - a potion of might


   Skills:
 + Level 3.3 Fighting
 + Level 2.3 Long Blades
 + Level 3.2 Armour
 + Level 0.2 Dodging
 + Level 3.3 Shields


You had 2 spell levels left.
You didn't know any spells.
Your spell library contained the following spells:

 Spells                   Type           Power      Damage    Failure   Level
 Dazzling Flash           Conj/Hex       0%         N/A       99%         3
 Agony                    Necr           0%         N/A       100%        5
 Silence                  Hex/Air        0%         N/A       100%        5


Dungeon Overview and Level Annotations

Branches:
Dungeon (1/15)

Altars:


Message History

The quokka closely misses you. You block the kobold's attack.
You slash the quokka!
You kill the quokka!
The kobold hits you but does no damage.
You closely miss the kobold. The kobold misses you.
The kobold hits you with a +0 dagger.
You hit the kobold.
You kill the kobold!
Things that are here:
a +0 dagger; a stone; a kobold corpse You now have 49 gold pieces (gained 37).
You pick up a book of the Senses and begin reading...
You add the spells Dazzling Flash, Agony and Silence to your library.
A quokka comes into view.
Found 10 gold pieces.
The quokka barely misses you. The quokka bites you.
You hit the quokka.
The quokka is moderately wounded.
The quokka barely misses you.
You hit the quokka.
The quokka is severely wounded.
The quokka bites you.
The quokka bites you but does no damage.
You slash the quokka!
You kill the quokka!
You now have 59 gold pieces (gained 10).
Found a stone staircase leading down.
Found a dagger.
Found a golden ring and 5 stones.
e - a ring of protection from cold An endoplasm comes into view.
The endoplasm quivers.
The endoplasm freezes you.
You are frozen.
You hit the endoplasm.
You kill the endoplasm!
Found 6 stones.
There is a staircase leading out of the dungeon here.
You can't go down here!
You have escaped!

#...# #.#.#####......#####
#...# #...#>#####....####.
#####...#####...... ###..##...
#.................. ##..†..)
#.......###...##... #....#...
#.......# #...### ..........#.
#.......# ###...####....#......
#......## #...>#.####+#......
#....#.. ###.@.......#...###..
#....##.###..............#.....
#.... ....#....................
..................####...
.........................
.............######..#..#
###..........# .##.#
#..........# ... #..........#
..


There were no monsters in sight!

Vanquished Creatures
  2 endoplasms (D:1)
  2 giant cockroaches (D:1)
  2 goblins (D:1)
  5 hobgoblins (D:1)
  2 kobolds (D:1)
  3 quokkas (D:1)
  A ball python (D:1)
  2 bats (D:1)
  A frilled lizard (D:1)
  2 rats (D:1)
22 creatures vanquished.

Notes
Turn   | Place    | Note
-------+----------+-------------------------------------------
     0 | D:1      | rengeveta the Human Fighter began the quest for the Orb.
     0 | D:1      | Reached XP level 1. HP: 18/18 MP: 1/1
    69 | D:1      | Reached XP level 2. HP: 22/24 MP: 2/2
   249 | D:1      | Reached XP level 3. HP: 26/29 MP: 3/3
   361 | D:$      | Got out of the dungeon alive.

Illustrated notes

Levels and vault maps discovered:
D:1:      dpeg_arrival_long_road, layout_rooms, grunt_decor_junction

Action                     || total
---------------------------++-------
  Melee: Long sword        ||    55
 Armour: Scale mail        ||    55
  Dodge: Dodged            ||    27
  Block: Buckler           ||     6

Table legend: (Time is in decaauts)
 A = Elapsed time spent in this place.
 B = Non-inter-level travel time spent in this place.
 C = Inter-level travel time spent in this place.
 D = Time resting spent in this place.
 E = Time spent auto-exploring this place.
 F = Levels seen in this place.
 G = Mean time per level.
                   A        B        C        D        E       F      G
               +--------+--------+--------+--------+--------+-----+--------+
         Total |    379 |    349 |     30 |      0 |      0 |   1 |  379.0 |
       Dungeon |    379 |    349 |     30 |      0 |      0 |   1 |  379.0 |
               +--------+--------+--------+--------+--------+-----+--------+

Top non-repeatable levels by time:
     D:1: 379 daAuts
